 Dungeon Crawl Stone Soup version 0.21.1-1-g345015fe64 (webtiles) character file.

1503 icedog the Shooter (level 8, -1/67 HPs)
             Began as a Minotaur Hunter on July 26, 2018.
             Was an Initiate of Nemelex Xobeh.
             Killed by divine providence
             ... invoked by a smoke demon
             ... summoned by an orc sorcerer
              (15 damage)
             ... on level 7 of the Dungeon on July 27, 2018.
             The game lasted 01:32:39 (4855 turns).

icedog the Shooter (Minotaur Hunter)                Turns: 4855, Time: 01:32:39

Health: -1/67      AC: 13    Str: 17    XL:     8   Next: 52%
Magic:  7/7        EV:  8    Int:  8    God:    Nemelex Xobeh [......]
Gold:   63         SH:  0    Dex: 13    Spells: 6/7 levels left

rFire    . . .     SeeInvis .   k - +1 dagger (drain)
rCold    + . .     Gourm    .   (no shield)
rNeg     . . .     Faith    .   t - +2 chain mail {rC+}
rPois    +         Spirit   .   (helmet restricted)
rElec    .         Reflect  .   (no cloak)
rCorr    .         Harm     .   (no gloves)
MR       +....                  i - +0 pair of boots
Stlth    ..........             (no amulet)
HPRegen  0.21/turn              j - ring of poison resistance
MPRegen  0.10/turn              q - ring of protection from magic

@: drained
A: retaliatory headbutt, horns 2
a: Renounce Religion


You were on level 7 of the Dungeon.
You worshipped Nemelex Xobeh.
Nemelex Xobeh was noncommittal.
You were not hungry.

You visited 2 branches of the dungeon, and saw 8 of its levels.

You collected 258 gold pieces.
You spent 195 gold pieces at shops.

Inventory:

Hand Weapons
 a - a +1 shortbow
 g - a +1 short sword of holy wrath
 k - a +1 dagger of draining (weapon)
 m - a +1 vampiric dagger
 s - a +1 rapier of venom
 y - a +0 blowgun
Missiles
 b - 19 bolts
 d - 42 arrows
 p - 17 poisoned needles
 x - 5 poisoned tomahawks (quivered)
Armour
 c - a +2 leather armour
 i - a +0 pair of boots (worn)
 t - a +2 chain mail of cold resistance (worn)
 v - a +2 leather armour of fire resistance
Jewellery
 j - a ring of poison resistance (left hand)
 q - a ring of protection from magic (right hand)
Wands
 l - a wand of paralysis (5)
Scrolls
 e - a scroll of teleportation
 o - 2 scrolls of remove curse
Potions
 u - a potion of flight
 w - a potion of degeneration {unknown}
 A - a potion of haste {unknown}
Books
 r - a book of Minor Magic

   Spells                             Type                      Level
   a - Magic Dart                     Conjuration                  1
   b - Blink                          Translocation                2
   c - Call Imp                       Summoning                    2
   d - Slow                           Hexes                        2
   e - Conjure Flame                  Conjuration/Fire             3
   f - Mephitic Cloud                 Conjuration/Poison/Air       3
Miscellaneous
 h - an ornate deck of destruction {drawn: 10}
Comestibles
 f - 4 rations


   Skills:
 + Level 4.8(4.3) Fighting
 + Level 4.7(4.1) Short Blades
 + Level 7.8(7.3) Bows
 + Level 1.1(0.6) Throwing
 + Level 5.6(5.1) Armour
 + Level 3.2(2.7) Dodging
 + Level 2.7(2.3) Stealth
 + Level 0.4(0.0) Spellcasting
 + Level 0.4(0.0) Conjurations
 + Level 0.4(0.0) Invocations
 + Level 0.3(0.0) Evocations


You had 6 spell levels left.
You knew the following spells:

 Your Spells              Type           Power        Failure   Level  Hunger
a - Magic Dart            Conj           #...         99%         1    ##.....


Dungeon Overview and Level Annotations

Branches:
Dungeon (7/15)             Temple (1/1) D:6

Altars:
Ashenzari
Cheibriados
Dithmenos
Elyvilon
Gozag
Hepliaklqana
Kikubaaqudgha
Makhleb
Nemelex Xobeh
Okawaru
Qazlal
Trog
Uskayaw
Vehumet
Wu Jian
Xom
Yredelemnul
Zin
The Shining One

Shops:
D:5 *%[   D:6 *


Innate Abilities, Weirdness & Mutations

You reflexively headbutt those who attack you in melee.
You have a pair of horns on your head.


Message History

The centaur shoots an arrow.
The arrow hits you but does no damage. The jelly completely misses you.
You can move again.
You see here 7 arrows.
The jelly hits you but does no damage.
Okay, then.
As you read the scroll of teleportation, it crumbles to dust.
You feel strangely unstable.
The quokka bites you but does no damage.
The jelly hits you but does no damage. The quokka barely misses you.
You furiously retaliate!
You headbutt the quokka.
A worker ant comes into view.
The worker ant twitches its antennae in your direction.
Your surroundings suddenly seem different.
The smoke demon roars!
Found a ration, a scroll labeled HEOCHOEFIN and a runed sapphire amulet.
The smoke demon gestures at you. Something smites you!
You die...
Your body disappears without a glow.

... #.### ##.
!.... +..<#####...
....oc#...#.......
....3.####..≈≈≈≈≈≈
.......((.o≈≈##.##
......(....≈##...#
...........≈#.....
...............%..
....##+#..@≈#.?.?.
.... +...≈##...#
... #...≈≈##.## ..
#....≈≈≈.≈
#........
#..........
#......."..
#..........


You could see a smoke demon, 2 orc sorcerers and a centaur (wandering).

Vanquished Creatures
  The ghost of Dommiel19 the Grasshopper, an amateur GnWr (D:3)
  2 water moccasins (D:5)
  An orc warrior (D:6)
  A phantom (D:6)
  A centaur (D:6)
  3 bullfrogs (D:6)
  2 howler monkeys (D:4)
  A hound (D:6)
  A jelly (D:3)
  An orc priest (D:4)
  2 iguanas
  A worker ant (D:6)
  2 orc wizards
  A hound skeleton (D:6)
  2 adders (D:5)
  3 shadow imps
  3 oozes
  An adder skeleton (D:5)
  A worm (D:3)
  6 dart slugs
  A leopard gecko (D:2)
  14 orcs
  3 ball pythons
  8 giant cockroaches
  3 hobgoblins
  2 jackals (D:2)
  4 quokkas
  4 bats
  A frilled lizard (D:1)
  A giant cockroach zombie (D:6)
  10 goblins
  3 kobolds
  4 rats
94 creatures vanquished.

Vanquished Creatures (collateral kills)
  Eustachio (D:6)
  An orc (D:6)
  A quokka (D:6)
3 creatures vanquished.

Vanquished Creatures (others)
  A bullfrog (D:6)
  A bullfrog skeleton (D:7)
  A ball lightning (D:6)
3 creatures vanquished.

Grand Total: 100 creatures vanquished

Notes
Turn   | Place    | Note
-------+----------+-------------------------------------------
     0 | D:1      | icedog the Minotaur Hunter began the quest for the Orb.
     0 | D:1      | Reached XP level 1. HP: 18/18 MP: 0/0
   174 | D:1      | Reached skill level 1 in Armour
   187 | D:1      | Reached XP level 2. HP: 22/25 MP: 1/1
   287 | D:1      | Reached skill level 5 in Bows
   692 | D:1      | Reached XP level 3. HP: 30/30 MP: 2/2
  1260 | D:2      | HP: 1/30 [iguana (12)]
  1271 | D:2      | Reached XP level 4. HP: 6/37 MP: 3/3
  1870 | D:2      | You fall through a shaft for 2 floors!
  1888 | D:4      | Reached skill level 1 in Stealth
  1942 | D:4      | Reached skill level 6 in Bows
  1991 | D:4      | Reached XP level 5. HP: 29/45 MP: 4/4
  2069 | D:5      | Entered Level 5 of the Dungeon
  2209 | D:3      | Found a snail-covered altar of Cheibriados.
  2629 | D:3      | Noticed Dommiel19's ghost (amateur GnWr)
  2650 | D:3      | Killed Dommiel19's ghost
  2650 | D:3      | Reached skill level 7 in Bows
  2650 | D:3      | Reached XP level 6. HP: 51/51 MP: 5/5
  3030 | D:4      | Found an ornate altar of the Wu Jian Council.
  3165 | D:5      | Found Acziwn's Antique Armour Shop.
  3205 | D:5      | Learned a level 1 spell: Magic Dart
  3206 | D:5      | Bought a shiny chain mail for 120 gold pieces
  3376 | D:5      | Found Lane's Food Emporium.
  3559 | D:5      | Found Sividgh's Serpentskin Sales.
  3559 | D:5      | Noticed a water moccasin
  3563 | D:5      | Noticed a water moccasin
  3572 | D:5      | Killed a water moccasin
  3572 | D:5      | Reached skill level 1 in Short Blades
  3572 | D:5      | Reached XP level 7. HP: 39/58 MP: 6/6
  3587 | D:5      | Bought 5 poisoned tomahawks for 50 gold pieces
  3587 | D:5      | Bought a +0 blowgun for 25 gold pieces
  3838 | D:6      | Found Ypsymoik's Assorted Antiques.
  4024 | D:6      | Found a shimmering altar of Xom.
  4059 | D:6      | Found a staircase to the Ecumenical Temple.
  4122 | D:6      | Reached XP level 8. HP: 65/67 MP: 7/7
  4175 | Temple   | Entered the Ecumenical Temple
  4298 | Temple   | Became a worshipper of Nemelex Xobeh the Trickster
  4347 | D:6      | Reached skill level 5 in Armour
  4697 | D:6      | Received a gift from Nemelex Xobeh
  4742 | D:6      | Noticed Eustachio
  4763 | D:6      | Reached skill level 1 in Throwing
  4785 | D:6      | Killed Eustachio
  4843 | D:7      | Noticed an orc sorcerer
  4844 | D:7      | Noticed an orc sorcerer
  4845 | D:7      | Paralysed by an orc sorcerer for 6 turns
  4846 | D:7      | Noticed a smoke demon
  4846 | D:7      | Found a snail-covered altar of Cheibriados.
  4855 | D:7      | Killed from afar by a smoke demon

Skill      XL: |  1  2  3  4  5  6  7  8 |
---------------+-------------------------+-----
Armour         | 1 2 3 4 5 |  5.6
Bows           | 5 6 7 |  7.8
Stealth        | 1 2 |  2.7
Fighting       | 3 4 |  4.8
Short Blades   | 1 3 4 |  4.7
Dodging        | 3 |  3.2
Throwing       | 1 |  1.1
Spellcasting   | |  0.4
Conjurations   | |  0.4
Invocations    | |  0.4
Evocations     | |  0.3

Action                   |  1- 3 |  4- 6 |  7- 9 || total
-------------------------+-------+-------+-------++-------
Melee: Short sword       |    28 |   100 |    90 ||   218
       Headbutt          |     4 |    16 |    20 ||    40
       Dagger            |       |    12 |    17 ||    29
 Fire: Shortbow          |    48 |    34 |    19 ||   101
       Blowgun           |       |       |     5 ||     5
Throw: Stone             |       |     9 |     7 ||    16
       Tomahawk          |       |       |     4 ||     4
Evoke: Wand              |       |     3 |       ||     3
       Deck              |       |       |    10 ||    10
  Use: Scroll            |     2 |     7 |     7 ||    16
       Potion            |     1 |     4 |     3 ||     8
 Stab: Paralysed         |       |     4 |       ||     4
  Eat: Ration            |     1 |     3 |     2 ||     6
Armor: Leather armour    |     7 |    15 |       ||    22
       Chain mail        |       |    28 |    65 ||    93
Dodge: Dodged            |    22 |    58 |    43 ||   123
